 Dungeon Crawl Stone Soup version 0.29-a0-234-g0dae59b3db (webtiles) character file.

Game seed: 15151614482655645053

1351 McPants42 the Cleaver (level 8, -6/71 HPs)
             Began as a Minotaur Fighter on Mar 3, 2022.
             Was a Follower of Okawaru.
             Mangled by a skeletal warrior
             ... wielding a +0 war axe
             ... led by a death knight
              (14 damage)
             ... on level 6 of the Dungeon.
             The game lasted 00:29:26 (5212 turns).

McPants42 the Cleaver (Minotaur Fighter)            Turns: 5212, Time: 00:29:27

Health: -6/71      AC: 18    Str: 22    XL:     8   Next: 36%
Magic:  7/7        EV:  7    Int:  5    God:    Okawaru [*.....]
Gold:   337        SH:  0    Dex: 11    Spells: 7/7 levels left

rFire   . . .      SeeInvis .   x - +1 scythe (flame)
rCold   . . .      Faith    .   (shield currently unavailable)
rNeg    . . .      Spirit   .   w - +0 plate armour
rPois   .          Reflect  .   q - +2 hat
rElec   .          Harm     .   i - +2 cloak
rCorr   .          Rampage  .   (no gloves)
Will    .....                   (no boots)
Stlth   ..........              (no amulet)
HPRegen 0.21/turn               (no ring)
MPRegen 0.10/turn               (no ring)

@: mighty
A: horns 2, retaliatory headbutt
a: Renounce Religion, Heroism


You were on level 6 of the Dungeon.
You worshipped Okawaru.
Okawaru was aware of your devotion.
You visited 2 branches of the dungeon, and saw 7 of its levels.
You also visited: Ossuary.

You collected 337 gold pieces.

Inventory:

Hand Weapons
 a - a +0 war axe
 l - a +0 flail of holy wrath
 x - a +1 scythe of flaming (weapon)
Armour
 c - a +0 buckler
 i - a +2 cloak (worn)
 q - a +2 hat (worn)
 w - a +0 plate armour (worn)
Jewellery
 n - a ring of positive energy
Wands
 p - a wand of acid (10)
Scrolls
 b - a scroll of enchant weapon {unknown}
 d - a scroll of noise {unknown}
 e - 9 scrolls of identify {unknown}
 h - 3 scrolls of teleportation {unknown}
 m - a scroll of enchant armour {unknown}
 o - 4 scrolls of fog {unknown}
 r - 3 scrolls of blinking {unknown}
 s - a scroll of acquirement {unknown}
 t - 2 scrolls of torment {unknown}
 y - a scroll of summoning {unknown}
Potions
 f - 3 potions of flight {unknown}
 g - a potion of magic {unknown}
 j - 2 potions of attraction {unknown}
 k - 3 potions of curing {unknown}
 u - a potion of resistance {unknown}
 v - a potion of might


   Skills:
 + Level 6.3 Fighting
 + Level 8.7 Axes
 + Level 0.8(5.4) Polearms
 + Level 7.2 Armour
 + Level 1.3 Dodging
 + Level 4.6 Shields


You had 7 spell levels left.
You didn't know any spells.
Your spell library contained the following spells:

 Spells                   Type           Power      Damage    Failure   Level
 Foxfire                  Conj/Fire      0%         2x1d4     100%        1
 Ensorcelled Hibernation  Hex/Ice        0%         N/A       100%        2
 Conjure Flame            Conj/Fire      0%         6-21      100%        3
 Ignite Poison            Fire/Tmut/Pois 0%         N/A       100%        3
 Inner Flame              Hex/Fire       0%         N/A       100%        3
 Spider Form              Tmut/Pois      0%         N/A       100%        3
 Anguish                  Hex/Necr       0%         N/A       100%        4
 Flame Wave               Conj/Fire      0%         2d4       100%        4
 Sticky Flame             Conj/Fire      0%         2d3       100%        4


Dungeon Overview and Level Annotations

Branches:
Dungeon (6/15)             Temple (1/1) D:4         Ossuary (visited)

Altars:
Ashenzari
Cheibriados
Gozag
Hepliaklqana
Makhleb
Okawaru
Trog
Uskayaw
Vehumet
Wu Jian
Xom
Zin
The Shining One

Shops:
D:4 *


Innate Abilities, Weirdness & Mutations

You have a pair of horns on your head.
You reflexively headbutt those who attack you in melee.


Message History

The ogre barely misses you.
You barely miss the ogre. You headbutt the ogre!
The ogre is heavily wounded.
The ogre hits you with a +0 giant club! The ogre hits you but does no damage.
You slash the ogre! You burn the ogre.
You kill the ogre!
Okawaru accepts your kill.
v - 2 potions of might (gained 1)
Things that are here:
a +0 giant club; an ogre corpse
Found a quarterstaff.
You enter the shallow water.
Moving in this stuff is going to be slow.
You see here a +0 flail.
You see here a +0 giant spiked club.
There is a stone staircase leading down here.
Done exploring.
Done exploring.
There is a stone staircase leading down here.
You climb downwards.
There is a stone staircase leading up here.
A death knight comes into view. It is wielding a +0 halberd.
The death knight shouts!
The death knight offers itself to Yredelemnul, and fills with unholy energy.
A skeletal warrior comes into view. It is wielding a +0 war axe.
The death knight calls down the wrath of Yredelemnul upon you.
Your body is wracked with pain!
A wraith comes into view.
You feel very mighty all of a sudden.
The death knight's dark mirror aura disappears.
The death knight hits you from afar with a +0 halberd!
A skeletal warrior comes into view. It is wielding a +0 war axe.
A freezing wraith comes into view.
The death knight hits you from afar with a +0 halberd.
The death knight hits you from afar with a +0 halberd!
* * * LOW HITPOINT WARNING * * *
There is a stone staircase leading up, spattered with blood here.
The death knight hits you but does no damage.
The skeletal warrior hits you with a +0 war axe!
You die...

..# #.# #.# ...
#.# #.#
#.##.###.####.#.
#....#..........
###z...#.#
#........#
#.#.#..p..##
#W.WW....z#
#####.#..@#
#.#.### #.#.#
..#+# ##


You could see a death knight, 2 skeletal warriors, a freezing wraith and a
wraith.

Vanquished Creatures
  Sigmund (D:5)
  A water moccasin (D:4)
  3 ogres (D:5)
  A centaur (D:5)
  3 elf zombies (Ossuary)
  A necrophage (D:5)
  A howler monkey (D:5)
  A human zombie (Ossuary)
  A hound (D:5)
  3 iguanas
  An orc wizard (D:2)
  2 hound zombies (Ossuary)
  4 mummies (Ossuary)
  3 gnolls (D:2)
  7 adders
  A shadow imp (D:5)
  A white imp (D:5)
  4 worms
  3 dart slugs
  8 orcs
  3 ball pythons
  7 bats
  7 endoplasms
  5 giant cockroaches
  8 goblins
  5 hobgoblins
  3 jackals (D:3)
  5 kobolds
  5 quokkas
  4 frilled lizards
  A goblin zombie (Ossuary)
  A kobold zombie (Ossuary)
  2 orc zombies (Ossuary)
  A rat (D:2)
  2 rat zombies (Ossuary)
109 creatures vanquished.

Vanquished Creatures (others)
  2 plants (D:5)
2 creatures vanquished.

Grand Total: 111 creatures vanquished

Notes
Turn   | Place    | Note
-------+----------+-------------------------------------------
     0 | D:1      | McPants42 the Minotaur Fighter began the quest for the Orb.
     0 | D:1      | Reached XP level 1. HP: 19/19 MP: 0/0
   208 | D:1      | Reached XP level 2. HP: 17/27 MP: 1/1
   600 | D:2      | Reached XP level 3. HP: 31/33 MP: 2/2
   738 | D:2      | Found a faded altar of an unknown god.
  1073 | D:2      | Reached skill level 3 in Axes
  1367 | D:2      | Reached XP level 4. HP: 39/41 MP: 3/3
  1935 | D:2      | Reached skill level 4 in Axes
  1935 | D:2      | Reached skill level 5 in Armour
  2247 | D:3      | Reached XP level 5. HP: 47/47 MP: 4/4
  3071 | D:4      | Found a staircase to the Ecumenical Temple.
  3341 | D:4      | Found a sand-covered staircase.
  3348 | Ossuary  | Entered an ossuary
  3390 | Ossuary  | Reached skill level 5 in Axes
  3390 | Ossuary  | Reached XP level 6. HP: 53/53 MP: 5/5
  3405 | Ossuary  | Reached skill level 6 in Axes
  3747 | D:4      | Reached skill level 5 in Fighting
  3831 | D:4      | Reached XP level 7. HP: 50/61 MP: 6/6
  4044 | D:4      | Found Vyomeq's Serpentskin Sales.
  4048 | D:4      | Reached skill level 7 in Axes
  4267 | Temple   | Entered the Ecumenical Temple
  4353 | Temple   | Became a worshipper of Warmaster Okawaru
  4426 | D:5      | Entered Level 5 of the Dungeon
  4440 | D:5      | Reached skill level 1 in Dodging
  4605 | D:5      | Noticed Sigmund
  4656 | D:5      | Killed Sigmund
  4656 | D:5      | Reached * piety under Okawaru
  4657 | D:5      | Reached skill level 8 in Axes
  4657 | D:5      | Reached XP level 8. HP: 56/70 MP: 7/7
  4873 | D:5      | Found an opulent altar of Gozag.
  5200 | D:6      | Noticed a death knight
  5202 | D:6      | Noticed a skeletal warrior
  5209 | D:6      | Noticed a skeletal warrior
  5210 | D:6      | Noticed a freezing wraith
  5212 | D:6      | Mangled by a skeletal warrior

Illustrated notes

Levels and vault maps discovered:
D:1:      minmay_arrival_three_doors, layout_basic, hangedman_decor_growths
D:2:      layout_loops_corners, shapermc_ecumenical_altar_mp_highgroup,
          minmay_tromino_v7
D:3:      layout_loops_ring, kennysheep_generic_room_3
D:4:      layout_rooms, minmay_temple_entry_arrows, nicolae_ossuary_entry_ruins,
          guppyfry_shop_venom
D:5:      layout_cave_pools, mainiacjoe_overflow_tiny_flanked,
          serial_bayou_pond_e, uniq_sigmund
D:6:      layout_loops_corners, serial_shops, shop_statue
Temple:   minmay_temple_bridge_abc

Skill      XL: |  1  2  3  4  5  6  7  8 |
---------------+-------------------------+-----
Fighting       | 4 5 6 |  6.3
Armour         | 4 5 6 7 |  7.2
Axes           | 3 4 5 6 8 |  8.7
Shields        | 4 |  4.6
Dodging        | 1 |  1.3
Polearms       | |  0.8

Action                   |  1- 3 |  4- 6 |  7- 9 || total
-------------------------+-------+-------+-------++-------
Melee: War axe           |    66 |   185 |    59 ||   310
       Headbutt          |     8 |    25 |    13 ||    46
       Scythe            |       |       |     8 ||     8
  Use: Potion            |     1 |       |     2 ||     3
Armor: Scale mail        |    18 |       |       ||    18
       Chain mail        |     6 |    94 |       ||   100
       Plate armour      |       |     9 |    48 ||    57
Dodge: Dodged            |    23 |    54 |    18 ||    95
Block: Buckler           |    12 |    32 |    12 ||    56

Table legend: (Time is in decaauts)
 A = Elapsed time spent in this place.
 B = Non-inter-level travel time spent in this place.
 C = Inter-level travel time spent in this place.
 D = Time resting spent in this place.
 E = Time spent auto-exploring this place.
 F = Levels seen in this place.
 G = Mean time per level.
                   A        B        C        D        E       F      G
               +--------+--------+--------+--------+--------+-----+--------+
         Total |   5312 |   4416 |    896 |    764 |   2633 |   8 |  664.0 |
       Dungeon |   4912 |   4124 |    788 |    764 |   2504 |   6 |  818.7 |
        Temple |    119 |     11 |    108 |      0 |      0 |   1 |  119.0 |
       Ossuary |    280 |    280 |      0 |      0 |    129 |   1 |  280.0 |
               +--------+--------+--------+--------+--------+-----+--------+

Top non-repeatable levels by time:
     D:2: 1720 daAuts
     D:4: 1000 daAuts
     D:3: 855 daAuts
     D:5: 766 daAuts
     D:1: 554 daAuts
 Ossuary: 280 daAuts
  Temple: 119 daAuts
     D:6: 13 daAuts
